 Dungeon Crawl Stone Soup version 0.24.0-13-gcf9b319 (webtiles) character file.

Game seed: 6616639128665923998, levelgen mode: deterministic

204 Boetheseconed the Insei (level 5, -3/41 HPs)
             Began as a Demonspawn Monk on Dec 1, 2019.
             Was an Initiate of Ru.
             Slain by a black bear (11 damage)
             ... on level 3 of the Dungeon.
             The game lasted 00:10:53 (3942 turns).

Boetheseconed the Insei (Demonspawn Monk)           Turns: 3942, Time: 00:10:56

Health: -3/41      AC: 14    Str: 11    XL:     5   Next: 52%
Magic:  5/5        EV: 14    Int: 11    God:    Ru [......]
Gold:   80         SH:  0    Dex: 17    Spells: 4/4 levels left

rFire    . . .     SeeInvis .     - Unarmed
rCold    . . .     Gourm    .   (no shield)
rNeg     . . .     Faith    .   a - +0 robe
rPois    .         Spirit   .   (no helmet)
rElec    .         Reflect  .   l - +2 cloak
rCorr    .         Harm     .   (no gloves)
MR       .....                  (no boots)
Stlth    ++........             (no amulet)
HPRegen  0.13/turn              (no ring)
MPRegen  0.09/turn              (no ring)

@: sanguine armour
A: sanguine armour 2
a: Sacrifice Artifice, Sacrifice Nimbleness, Sacrifice Arcana, Reject
Sacrifices, Renounce Religion


You were on level 3 of the Dungeon.
You worshipped Ru.
Ru was noncommittal.
You were not hungry.

You visited 1 branch of the dungeon, and saw 3 of its levels.

You collected 80 gold pieces.

Inventory:

Missiles
 o - 4 boomerangs (quivered)
Armour
 a - a +0 robe (worn)
 l - a +2 cloak (worn)
Scrolls
 d - a scroll of magic mapping {unknown}
 e - a scroll of amnesia {unknown}
 f - a scroll of teleportation {unknown}
 g - 3 scrolls of identify {unknown}
 h - a scroll of fear {unknown}
 k - 2 scrolls of remove curse {unknown}
 n - a scroll of enchant weapon
Potions
 i - a potion of berserk rage {unknown}
 j - a potion of might {unknown}
 m - a potion of curing {unknown}
 p - a potion of mutation {unknown}
Comestibles
 b - 3 rations
 c - 2 chunks of flesh


   Skills:
 + Level 3.3 Fighting
 + Level 0.2 Throwing
 + Level 3.7 Dodging
 + Level 3.0 Stealth
 + Level 4.2 Unarmed Combat


You had 4 spell levels left.
You didn't know any spells.
Your spell library was empty.

Dungeon Overview and Level Annotations

Branches:
Dungeon (3/15)

Altars:
Ru
Trog


Innate Abilities, Weirdness & Mutations

When seriously injured, your bleeding wounds create thick armour. (AC +9)


Message History

You hit the black bear.
The black bear is severely wounded.
The black bear bites you. The black bear closely misses you.
The black bear claws you but does no damage.
You hit the black bear.
The black bear is almost dead.
The black bear goes berserk!
You barely miss the black bear.
The black bear is almost dead.
The black bear bites you!
The black bear claws you but does no damage.
The black bear claws you.
* * * LOW HITPOINT WARNING * * *
You hit the black bear but do no damage.
The black bear is almost dead.
The black bear barely misses you. The black bear misses you.
The black bear claws you.
* * * LOW HITPOINT WARNING * * *
The black bear bites you!
You die...

..(..........#...#
#######..###.#...# #
...........#.#...# #.
.............#...# #..
#########.##.#...# #...
#................# .....
#.......#.......##
###...#.......####.#....
......h@...........#..##
#.###########.####.#..#
########........#..##
.........#.#.........
###############.######....
........................##
#########.######..........##
..........# ##########...
#########.# #.##


You could see a black bear (berserk).

Vanquished Creatures
  An orc priest (D:3)
  A hound (D:3)
  An iguana (D:2)
  6 adders
  A shadow imp (D:2)
  A worm (D:3)
  A leopard gecko (D:1)
  4 orcs (D:3)
  4 giant cockroaches
  4 goblins
  6 hobgoblins
  8 bats
  6 frilled lizards
  11 kobolds
  A leopard gecko zombie (D:2)
  6 rats
62 creatures vanquished.

Notes
Turn   | Place    | Note
-------+----------+-------------------------------------------
     0 | D:1      | Boetheseconed the Demonspawn Monk began the quest for the
                  | Orb.
     0 | D:1      | Reached XP level 1. HP: 18/18 MP: 1/1
   499 | D:1      | Gained mutation: When seriously injured, your bleeding
                  | wounds create armour. (AC +9) [demonic ancestry]
   499 | D:1      | Reached XP level 2. HP: 5/24 MP: 2/2
  1479 | D:2      | Reached skill level 3 in Unarmed Combat
  1479 | D:2      | Gained mutation: When seriously injured, your bleeding
                  | wounds create thick armour. (AC +9) [demonic ancestry]
  1479 | D:2      | Reached XP level 3. HP: 18/29 MP: 3/3
  1882 | D:2      | Found a faded altar of an unknown god.
  1884 | D:2      | Became a worshipper of Ru the Awakened
  2420 | D:2      | Reached XP level 4. HP: 31/35 MP: 4/4
  2602 | D:2      | Found a bloodstained altar of Trog.
  3586 | D:3      | Reached XP level 5. HP: 41/41 MP: 5/5
  3635 | D:3      | Reached skill level 4 in Unarmed Combat
  3927 | D:3      | Noticed a black bear
  3942 | D:3      | Slain by a black bear

Levels and vault maps discovered:
D:1:      saegor_arrival_simple_e, layout_basic
D:2:      layout_loops_corners, chequers_ecumenical_altar_twisty, bloody_trog
D:3:      layout_basic, uniq_grinder, uniq_crazy_yiuf_cottage

Skill      XL: |  1  2  3  4  5 |
---------------+----------------+-----
Stealth        | 2 3 |  3.0
Dodging        | 3 |  3.7
Unarmed Combat | 3 4 |  4.2
Fighting       | |  3.3
Throwing       | |  0.2

Action                   |  1- 3 |  4- 6 || total
-------------------------+-------+-------++-------
Melee: Unarmed           |   154 |   149 ||   303
       Punch             |     1 |     2 ||     3
Throw: Boomerang         |       |    12 ||    12
  Use: Scroll            |     1 |       ||     1
 Stab: Sleeping          |     7 |     5 ||    12
       Distracted        |       |     1 ||     1
  Eat: Chunk             |     5 |     5 ||    10
Armor: Robe              |    27 |    64 ||    91
Dodge: Dodged            |    97 |    92 ||   189
